 Dungeon Crawl Stone Soup version 0.26.1 (webtiles) character file.

Game seed: 9795676688886111050

14 skwiii the Digger (level 2, 0/15 HPs)
             Began as a Gargoyle Earth Elementalist on Feb 7, 2021.
             Slain by a hobgoblin
             ... wielding a +0 club
              (3 damage)
             ... on level 1 of the Dungeon.
             The game lasted 00:02:44 (471 turns).

skwiii the Digger (Gargoyle Earth Elementalist)      Turns: 471, Time: 00:02:44

Health: 0/15       AC:  4    Str: 11    XL:     2   Next: 41%
Magic:  1/5        EV: 12    Int: 15    God:
Gold:   74         SH:  0    Dex: 10    Spells: 4/5 levels left

rFire    . . .     SeeInvis .   (no weapon)
rCold    . . .     Faith    .   (no shield)
rNeg     + . .     Spirit   .   c - +0 robe
rPois    ∞         Reflect  .   (no helmet)
rElec    +         Harm     .   (no cloak)
rCorr    .         Rampage  .   (no gloves)
Will     .....                  (no boots)
Stlth    ++........             (no amulet)
HPRegen  0.05/turn              (no ring)
MPRegen  0.09/turn              (no ring)

@: no status effects
A: negative energy resistance 1, electricity resistance, unbreathing,
petrification resistance, miasma immunity, AC +2
a: no special abilities


You were on level 1 of the Dungeon.
You visited 1 branch of the dungeon, and saw 1 of its levels.

You collected 74 gold pieces.

Inventory:

Missiles
 b - 49 stones
Armour
 c - a +0 robe (worn)
 d - a +0 ring mail
Scrolls
 a - 3 scrolls of enchant weapon {unknown}
 e - a scroll of amnesia {unknown}
 f - a scroll of teleportation {unknown}
 g - a scroll of blinking {unknown}


   Skills:
 - Level 1.5 Dodging
 - Level 2.1 Stealth
 + Level 0.3 Unarmed Combat
 * Level 2.2 Spellcasting
 - Level 0.7 Transmutations
 * Level 4.2 Earth Magic


You had 4 spell levels left.
You knew the following spells:

 Your Spells              Type           Power        Failure   Level
a - Sandblast             Erth           28%          3%          1

Your spell library contained the following spells:

 Spells                   Type           Power        Failure   Level
 Passwall                 Tmut/Erth      7%           12%         2
 Stone Arrow              Conj/Erth      16%          26%         3
 Petrify                  Tmut/Erth      9%           61%         4
 Lee's Rapid Deconstruct  Erth           7%           71%         5


Dungeon Overview and Level Annotations

Branches:
Dungeon (1/15)

Altars:


Innate Abilities, Weirdness & Mutations

You are resistant to torment.
Your stone body is resilient. (AC +2)
You are immune to poison.
You resist negative energy. (rN+)
You are resistant to electric shocks. (rElec)
You can survive without breathing.
You are immune to petrification.
You are immune to miasma.


Message History

You kill the frilled lizard!
You hit the hobgoblin.
The hobgoblin is almost dead.
The hobgoblin closely misses you.
You hit the hobgoblin but do no damage.
The hobgoblin is almost dead.
The hobgoblin closely misses you.
You hit the hobgoblin but do no damage.
The hobgoblin is almost dead.
You barely miss the hobgoblin.
The hobgoblin is almost dead.
The hobgoblin hits you but does no damage.
You closely miss the hobgoblin.
The hobgoblin is almost dead.
The hobgoblin hits you with a +0 club.
* * * LOW HITPOINT WARNING * * *
You closely miss the hobgoblin.
The hobgoblin is severely wounded.
The hobgoblin hits you with a +0 club.
You die...

##.##)###.#.......#
.# #.##.#
#.#.####..# #
#.##.# #.#.# #.##
### #.##.# #.#.#
#.# ##..
##.##.###.#.# #.#
#.## .†........#.#
#.# #.#
.#.##.#####.# #.#
#.# .#.##.# #.# #.#
#.## #.##.#####.#
#@# #.##
#.##.....#.####g#
#...
#.##.###.#.....b#
#### #.##.#
#........#
#.##.###.#####.##
........††.##.#
.##......."...#
#.#.####.#... #.#.
.#.b.


You could see a hobgoblin and a bat.

Vanquished Creatures
  3 bats (D:1)
  A giant cockroach (D:1)
  2 goblins (D:1)
  2 hobgoblins (D:1)
  2 ball pythons (D:1)
  A frilled lizard (D:1)
  A kobold (D:1)
12 creatures vanquished.

Notes
Turn   | Place    | Note
-------+----------+-------------------------------------------
     0 | D:1      | skwiii the Gargoyle Earth Elementalist began the quest for
                  | the Orb.
     0 | D:1      | Reached XP level 1. HP: 10/10 MP: 3/3
   231 | D:1      | Reached skill level 4 in Earth Magic
   273 | D:1      | Reached XP level 2. HP: 13/15 MP: 5/5
   471 | D:1      | Slain by a hobgoblin

Illustrated notes

Levels and vault maps discovered:
D:1:      dpeg_arrival_round_a, layout_loops_ring

Skill      XL: |  1 |
---------------+----+-----
Earth Magic    | 4 |  4.2
Dodging        | |  1.5
Stealth        | |  2.1
Unarmed Combat | |  0.3
Spellcasting   | |  2.2
Transmutations | |  0.7

Action                   || total
-------------------------++-------
Melee: Unarmed           ||    52
 Cast: Sandblast         ||    19
Armor: Robe              ||    32
Dodge: Dodged            ||    41
